 Dungeon Crawl Stone Soup version 0.31-a0-705-ga145531891 (webtiles) character file.

Game seed: 15935411322751892160

431 osuadh the Changeling (level 6, -1/47 HPs)
             Began as a Merfolk Shapeshifter on Sept 10, 2023.
             Was a Believer of Nemelex Xobeh.
             Slain by a gnoll
             ... wielding a +0 flail
             ... led by a gnoll bouda
              (5 damage)
             ... on level 4 of the Dungeon.
             The game lasted 00:09:48 (4708 turns).

osuadh the Changeling (Merfolk Shapeshifter)        Turns: 4708, Time: 00:09:48

Health: -1/47      AC:  2    Str: 16    XL:     6   Next: 99%
Magic:  6/6        EV: 12    Int:  9    God:    Nemelex Xobeh [**....]
Gold:   221        SH:  0    Dex: 14    Spells: 5/5 levels left

rFire   . .          .
                       - Unarmed
rCold   . . .        (shield currently unavailable)
rNeg    . . .        a - +0 animal skin
rPois   .            (no helmet)
rElec   .            (no cloak)
rCorr   .            (no gloves)
SInv    .            (no boots)
Will    .....        (no amulet)
Stlth   +            (no ring)
HPRegen 0.27/turn    (no ring)
MPRegen 0.10/turn

%: no passive effects
@: flux-form, weakened, glowing
A: glow, contaminating, (nimble swimmer 2), mertail
a: Begin Untransformation, Renounce Religion, Draw Escape, Draw Destruction,
Draw Summoning


You were on level 4 of the Dungeon.
You worshipped Nemelex Xobeh.
Nemelex Xobeh was pleased with you.
You were something dangerously unstable.
You visited 1 branch of the dungeon, and saw 5 of its levels.

You collected 221 gold pieces.

Inventory:

Hand Weapons
 v - a +1 spear of venom
Missiles
 q - a throwing net
Armour
 a - a +0 animal skin (worn)
Talismans
 c - a beast talisman
 d - a flux talisman (active)
Scrolls
 b - a scroll of identify
 f - a scroll of teleportation {unknown}
 g - 2 scrolls of enchant weapon {unknown}
 h - a scroll of vulnerability {unknown}
 l - a scroll of enchant armour {unknown}
 n - a scroll of revelation {unknown}
 p - a scroll of noise {unknown}
 r - a scroll of silence {unknown}
 t - a scroll of poison {unknown}
Potions
 e - a potion of mutation
 i - a potion of curing {unknown}
 j - 2 potions of heal wounds {unknown}
 k - a potion of attraction {unknown}
 m - a potion of enlightenment {unknown}
 o - a potion of resistance {unknown}
 s - a potion of lignification
 u - a potion of invisibility {unknown}


   Skills:
 - Level 3.1 Fighting
 - Level 2.6 Dodging
 - Level 4.4 Unarmed Combat
 + Level 7.9 Shapeshifting


You had 5 spell levels left.
You didn't know any spells.
Your spell library contained the following spells:

 Spells                   Type           Power      Damage    Failure   Level
 Scorch                   Fire           0%         2d5       52%         2
 Stone Arrow              Conj/Erth      0%         3d7       77%         3
 Animate Armour           Summ/Erth      0%         N/A       99%         4
 Flame Wave               Conj/Fire      0%         2d4       99%         4
 Summon Cactus Giant      Summ           0%         N/A       100%        6
 Lehudib's Crystal Spear  Conj/Erth      0%         10d2      100%        8


Dungeon Overview and Level Annotations

Branches:
Dungeon (5/15)
 Temple: D:4-7

Altars:
Ashenzari
Nemelex Xobeh
Xom

Annotations:
D:2 1 runed translucent door, Crazy Yiuf
D:4 3 runed translucent doors, randomguy2701's ghost, amateur HOFi


Innate Abilities, Weirdness & Mutations

You are something dangerously unstable.
You glow with magical radiation, making you easy to see and hit.
Foes you strike become dangerously contaminated with magical radiation.
You are incapable of wielding weapons or throwing items.
((You are very nimble when in or above water. (Stealth+, EV+, Speed+++)))
Your lower body shifts to a powerful aquatic tail in water.


Message History

There is a stone staircase leading up here.
The gnoll bouda gazes fiercely through you!
You feel your attacks grow feeble.
You hit the gnoll.
The gnoll begins to glow.
The gnoll is lightly wounded.
You barely miss the gnoll.
The gnoll is lightly wounded.
The gnoll closely misses you.
You hit the gnoll.
The gnoll glows dangerously bright.
The gnoll is heavily wounded.
The gnoll hits you with a +0 flail.
An iguana comes into view.
You hit the gnoll but do no damage.
The gnoll shudders as magic cascades through it!
You kill the gnoll!
The gnoll bouda barks out a call to the hunt!
The gnolls pick up the pace!
The gnoll barely misses you.
You closely miss the gnoll. The gnoll hits you with a +0 flail.
The gnoll bouda gazes fiercely through you!
You feel as though you will be weak longer.
You hit the gnoll but do no damage.
The gnoll begins to glow.
The gnoll hits you with a +0 flail!
You hit the gnoll bouda.
The gnoll bouda begins to glow.
The gnoll bouda is lightly wounded.
The gnoll hits you with a +0 flail! The gnoll bouda closely misses you.
The iguana bites you. The gnoll barely misses you.
The gnoll bouda hits you with a +0 club.
* * * LOW HITPOINT WARNING * * *
You climb upwards.
Level annotation: 3 runed translucent doors, randomguy2701's ghost, amateur HOFi
There is a stone staircase leading down here.
The iguana bites you.
* * * LOW HITPOINT WARNING * * *
The gnoll bouda attacks as it pursues you!
The gnoll bouda hits you with a +0 club.
* * * LOW HITPOINT WARNING * * *
The gnoll hits you with a +0 flail.
You die...
Your body disappears without additional glow.

..###.....#.####
......###<#....#
...#####..####.#
...#.##..## ##.#
#..#.##.#####..#
..............##
#....##.##########
..#........#.....##
.......)........Bg##
..##............lg.#
..##...........#.#.#
..)............._..#
...#...........#.#.#
##.................#
###...............#
##.............##
##.....#.....##


You could see a gnoll bouda (contam), an iguana and a gnoll (swift, contam).

Vanquished Creatures
  A phantom (D:4)
  2 orc priests (D:4)
  Natasha (twice) (D:2)
  An iguana (D:4)
  8 gnolls
  5 adders
  3 worms
  6 dart slugs
  7 orcs
  3 bats
  5 endoplasms (D:1)
  2 giant cockroaches
  2 goblins
  6 hobgoblins
  5 jackals
  8 kobolds
  A quokka (D:1)
  12 ball pythons
  A frilled lizard (D:3)
  2 rats
82 creatures vanquished.

Notes
Turn   | Place    | Note
-------+----------+-------------------------------------------
     0 | D:1      | osuadh the Merfolk Shapeshifter began the quest for the
                  | Orb.
     0 | D:1      | Reached XP level 1. HP: 15/15 MP: 1/1
    83 | D:1      | Reached XP level 2. HP: 15/21 MP: 2/2
   557 | D:1      | Reached XP level 3. HP: 20/27 MP: 3/3
   985 | D:2      | Identified the +0 leather armour of Karyexick {rPois}
  1222 | D:2      | Noticed Natasha
  1233 | D:2      | Killed Natasha
  1234 | D:2      | Reached XP level 4. HP: 14/34 MP: 4/4
  1444 | D:2      | Noticed Natasha
  1455 | D:2      | Killed Natasha
  1456 | D:2      | Reached skill level 5 in Shapeshifting
  1551 | D:2      | Found a runed translucent door.
  1552 | D:2      | Noticed Crazy Yiuf
  1804 | D:2      | Reached XP level 5. HP: 38/41 MP: 5/5
  2280 | D:3      | Found a faded altar of an unknown god.
  2284 | D:3      | Found a shimmering altar of Xom.
  2406 | D:3      | Found a faded altar of an unknown god.
  2603 | D:3      | Prayed at the altar of an unknown god.
  2603 | D:3      | Became a worshipper of Nemelex Xobeh the Trickster
  2603 | D:3      | Reached * piety under Nemelex Xobeh
  2603 | D:3      | Received a gift from Nemelex Xobeh
  2925 | D:3      | Reached skill level 6 in Shapeshifting
  3437 | D:4      | Found a runed translucent gate.
  3437 | D:4      | Found a runed translucent gate.
  3438 | D:4      | Found a runed translucent gate.
  3455 | D:4      | Reached XP level 6. HP: 16/47 MP: 6/6
  3950 | D:4      | Reached skill level 7 in Shapeshifting
  4016 | D:4      | Noticed randomguy2701's ghost (amateur HOFi)
  4235 | D:4      | Found a broken altar of Ashenzari.
  4398 | D:4      | Reached ** piety under Nemelex Xobeh
  4697 | D:5      | Entered Level 5 of the Dungeon
  4708 | D:4      | Slain by a gnoll

Illustrated notes

Levels and vault maps discovered:
D:1:      eino_arrival_water_cross, layout_basic, minmay_quantized
D:2:      layout_loops_corners, uniq_crazy_yiuf_cottage, uniq_natasha
D:3:      layout_loops_corners, nicolae_overflow_ecumenical_swirl,
          shapermc_ecumenical_altar_hornbeckon, minmay_shallow_snake_nest
D:4:      layout_rooms, ashenzari_altar_1, gammafunk_ghost_split
D:5:      layout_basic, nicolae_gozag_cash_rules_everything_around_me,
          minmay_ruined_shrine, uniq_grinder

Skill      XL: |  1  2  3  4  5  6 |
---------------+-------------------+-----
Fighting       | 2 3 |  3.1
Unarmed Combat | 4 |  4.4
Shapeshifting  | 5 6 7 |  7.9
Dodging        | |  2.6

Action                     |  1- 3 |  4- 6 || total
---------------------------+-------+-------++-------
  Melee: Unarmed           |    77 |   152 ||   229
         Punch             |     2 |     4 ||     6
    Use: Potion            |     2 |     2 ||     4
         Scroll            |     1 |       ||     1
   Stab: Sleeping          |     5 |       ||     5
 Armour: Animal skin       |    35 |    85 ||   120
         Skin              |     7 |       ||     7
  Dodge: Dodged            |    37 |    86 ||   123
   Form: Flux              |       |     1 ||     1

Table legend: (Time is in decaauts)
 A = Elapsed time spent in this place.
 B = Non-inter-level travel time spent in this place.
 C = Inter-level travel time spent in this place.
 D = Time resting spent in this place.
 E = Time spent auto-exploring this place.
 F = Levels seen in this place.
 G = Mean time per level.
                   A        B        C        D        E       F      G
               +--------+--------+--------+--------+--------+-----+--------+
         Total |   4716 |   4450 |    266 |    791 |   2797 |   5 |  943.2 |
       Dungeon |   4716 |   4450 |    266 |    791 |   2797 |   5 |  943.2 |
               +--------+--------+--------+--------+--------+-----+--------+

Top non-repeatable levels by time:
     D:3: 1688 daAuts
     D:2: 1301 daAuts
     D:4: 938 daAuts
     D:1: 779 daAuts
     D:5: 9 daAuts
